Warning! The script has encountered some errors when parsing the replay. Please report them to the . » details
0x00, prev: 0x16: 16 02 01 00 8F 74 00 00 7B 8E 00 00 [00] 00 00 00 00 00 00 00 00 00 00 00 00 00 00 00 00 00 00 00 00 00 00 00 00 00
0x00, prev: 0x00: 16 02 01 00 8F 74 00 00 7B 8E 00 00 00 00 00 00 00 00 00 00 00 00 00 00 00 00 00 00 00 00 00 00 00 00 00 00 [00] 00
General information
- name: BNet
- type: Ladder team game (AT/RT)
- host: Battle.net
- saver: SDFWESDER
map: RiceFields
- players: 6
- length: 37:45
- speed: Fast
- version: 1.23 W3XP
- replay type: Public
» download(287 KB)
Players
team 1 (winner)
Acid_Killer (
red | 103 APM | 3888 actions | 37:45)
6 Keeper of the Grove
2 Entangling Roots
3 Thorns Aura
1 Tranquility
» actions
| Assign group hotkey | 814 | |
| Basic commands | 132 | |
| Build / train | 131 | |
| ESC pressed | 6 | |
| Enter build submenu | 37 | |
| Enter hero's abilities submenu | 6 | |
| Give item / drop item | 2 | |
| Remove unit from queue | 11 | |
| Right click | 1373 | |
| Select / deselect | 646 | |
| Select group hotkey | 577 | |
| Use ability | 153 | |
3888 total
» units
| Wisp | 59 | |
| Huntress | 9 | |
| Archer | 4 | |
| Hippogryph | 14 | |
86 total
» upgrades
| Ultravision | 1 | |
| Moon Armor | 2 | |
| Strength of the Moon | 1 | |
| Strength of the Wild | 1 | |
| Hippogryph Taming | 1 | |
| Improved Bows | 1 | |
| Marksmanship | 1 | |
| Reinforced Hides | 2 | |
10 total
» buildings
| Altar of Elders | 1 | |
| Moon Well | 3 | |
| Hunter's Hall | 1 | |
| Ancient of War | 3 | |
| Ancient of Wonders | 2 | |
| Tree of Life | 14 | |
| Ancient Protector | 7 | |
| Tree of Ages | 1 | |
| Tree of Eternity | 1 | |
| Ancient of Wind | 2 | |
35 total
» build order
00:06 Altar of Elders
00:20 Moon Well
01:31 Hunter's Hall
02:02 Ancient of War
02:19 Moon Well
02:29 Ancient of War
02:50 Moon Well
03:42 Ancient of Wonders
06:11 Tree of Life
12:28 Tree of Life
13:00 Tree of Life
13:44 Tree of Life
14:42 Tree of Life
16:05 Tree of Life
16:42 Ancient Protector
16:44 Ancient Protector
17:17 Ancient Protector
17:18 Ancient Protector
17:32 Tree of Ages
17:47 Ancient Protector
18:08 Ancient Protector
18:49 Tree of Life
20:10 Tree of Eternity
20:17 Tree of Life
20:54 Ancient of War
20:58 Ancient of Wind
21:00 Ancient of Wind
21:21 Tree of Life
25:21 Tree of Life
29:41 Tree of Life
30:40 Tree of Life
31:27 Tree of Life
32:04 Ancient Protector
32:53 Ancient of Wonders
35:19 Tree of Life
» items
| Dust of Appearance | 2 | |
| Scroll of Town Portal | 4 | |
| Orb of Corruption | 1 | |
| Ring of Protection +2 | 1 | |
| Potion of Healing | 3 | |
| Lesser Clarity Potion | 1 | |
12 total
DeathPact (
yellow | 51 APM | 1935 actions | 37:45)
6 Priestess of the Moon
2 Searing Arrows
3 Trueshot Aura
1 Starfall
» actions
| Assign group hotkey | 62 | |
| Basic commands | 3 | |
| Build / train | 73 | |
| Enter build submenu | 20 | |
| Enter hero's abilities submenu | 6 | |
| Give item / drop item | 4 | |
| Right click | 1145 | |
| Select / deselect | 333 | |
| Select group hotkey | 254 | |
| Use ability | 35 | |
1935 total
» units
| Wisp | 21 | |
| Huntress | 9 | |
| Glaive Thrower | 2 | |
| Hippogryph | 27 | |
59 total
» upgrades
| Strength of the Wild | 1 | |
| Reinforced Hides | 1 | |
2 total
» buildings
| Altar of Elders | 1 | |
| Moon Well | 7 | |
| Hunter's Hall | 1 | |
| Ancient of War | 2 | |
| Tree of Ages | 1 | |
| Ancient of Wind | 3 | |
| Ancient Protector | 3 | |
| Tree of Life | 1 | |
19 total
» build order
00:12 Altar of Elders
00:20 Moon Well
01:39 Hunter's Hall
01:48 Ancient of War
02:08 Ancient of War
02:23 Moon Well
02:36 Moon Well
05:40 Moon Well
11:15 Tree of Ages
13:06 Moon Well
13:07 Moon Well
13:41 Ancient of Wind
13:42 Ancient of Wind
14:03 Ancient of Wind
15:30 Ancient Protector
15:38 Ancient Protector
15:44 Ancient Protector
20:03 Tree of Life
28:22 Moon Well
» items
| Scroll of Town Portal | 1 | |
| Potion of Healing | 2 | |
3 total
vS]GliTchCrAFt (
purple | 108 APM | 4093 actions | 37:45)
7 Death Knight
3 Death Coil
3 Unholy Aura
1 Animate Dead
6 Lich
3 Frost Nova
2 Frost Armor
1 Death and Decay
7 Crypt Lord
3 Impale
3 Spiked Carapace
1 Locust Swarm
» actions
| Assign group hotkey | 44 | |
| Basic commands | 226 | |
| Build / train | 88 | |
| Enter build submenu | 25 | |
| Enter hero's abilities submenu | 22 | |
| Give item / drop item | 16 | |
| Remove unit from queue | 2 | |
| Right click | 1806 | |
| Select / deselect | 417 | |
| Select group hotkey | 1339 | |
| Use ability | 108 | |
4093 total
» units
| Acolyte | 2 | |
| Ghoul | 1 | |
| Crypt Fiend | 5 | |
| Obsidian Statue | 2 | |
| Frost Wyrm | 12 | |
| Gargoyle | 9 | |
31 total
» upgrades
| Creature Attack | 3 | |
| Creature Carapace | 3 | |
| Web | 1 | |
| Burrow | 1 | |
8 total
» buildings
| Graveyard | 1 | |
| Crypt | 2 | |
| Ziggurat | 10 | |
| Altar of Darkness | 2 | |
| Tomb of Relics | 1 | |
| Nerubian Tower | 2 | |
| Halls of the Dead | 2 | |
| Black Citadel | 2 | |
| Sacrificial Pit | 1 | |
| Slaughterhouse | 1 | |
| Boneyard | 3 | |
27 total
» build order
00:10 Graveyard
00:14 Crypt
00:22 Ziggurat
00:33 Altar of Darkness
00:55 Tomb of Relics
01:55 Ziggurat
02:23 Nerubian Tower
02:23 Nerubian Tower
03:35 Halls of the Dead
04:17 Ziggurat
04:19 Ziggurat
05:56 Black Citadel
05:56 Black Citadel
06:04 Sacrificial Pit
06:08 Ziggurat
07:05 Ziggurat
07:39 Slaughterhouse
08:13 Ziggurat
08:23 Boneyard
08:26 Boneyard
08:30 Boneyard
08:59 Ziggurat
10:34 Crypt
10:50 Ziggurat
11:30 Ziggurat
35:09 Altar of Darkness
» items
| Rod of Necromancy | 2 | |
| Claws of Attack +6 | 1 | |
| Scroll of Healing | 2 | |
| Scroll of Town Portal | 3 | |
| Potion of Mana | 3 | |
| Orb of Venom | 1 | |
12 total
team 2 (loser)
beli (
green | 76 APM | 2869 actions | 37:37)
5 Mountain King
3 Storm Bolt
2 Bash
4 Paladin
2 Devotion Aura
2 Divine Shield
» actions
| Assign group hotkey | 185 | |
| Basic commands | 100 | |
| Build / train | 122 | |
| ESC pressed | 1 | |
| Enter build submenu | 29 | |
| Enter hero's abilities submenu | 9 | |
| Give item / drop item | 1 | |
| Right click | 808 | |
| Select / deselect | 733 | |
| Select group hotkey | 782 | |
| Use ability | 99 | |
2869 total
» units
| Peasant | 12 | |
| Gryphon Rider | 15 | |
| Dragonhawk Rider | 2 | |
29 total
» upgrades
| Masonry | 3 | |
| Animal War Training | 1 | |
| Swords | 3 | |
| Storm Hammers | 1 | |
| Armor | 3 | |
11 total
» buildings
| Altar of Kings | 1 | |
| Farm | 13 | |
| Scout Tower | 14 | |
| Lumber Mill | 1 | |
| Arcane Tower | 2 | |
| Arcane Vault | 1 | |
| Guard Tower | 44 | |
| Keep | 2 | |
| Blacksmith | 1 | |
| Castle | 2 | |
| Gryphon Aviary | 2 | |
| Barracks | 1 | |
| Town Hall | 1 | |
85 total
» build order
00:12 Altar of Kings
00:18 Farm
00:56 Scout Tower
01:01 Lumber Mill
01:24 Arcane Tower
01:24 Arcane Tower
01:43 Farm
02:01 Scout Tower
02:25 Arcane Vault
02:30 Farm
02:32 Guard Tower
02:33 Guard Tower
02:33 Guard Tower
03:30 Keep
03:30 Keep
03:32 Scout Tower
03:33 Scout Tower
03:54 Blacksmith
04:01 Farm
04:02 Farm
04:04 Guard Tower
04:05 Guard Tower
04:34 Guard Tower
04:34 Guard Tower
04:41 Scout Tower
04:43 Scout Tower
04:44 Scout Tower
05:14 Guard Tower
05:14 Guard Tower
05:42 Guard Tower
05:43 Guard Tower
06:03 Guard Tower
06:03 Guard Tower
06:49 Castle
07:09 Gryphon Aviary
07:11 Gryphon Aviary
07:28 Farm
09:23 Barracks
10:56 Guard Tower
10:56 Guard Tower
10:56 Guard Tower
10:57 Guard Tower
10:57 Guard Tower
10:57 Guard Tower
11:09 Scout Tower
11:21 Guard Tower
11:21 Guard Tower
11:21 Guard Tower
11:22 Scout Tower
11:23 Scout Tower
11:34 Guard Tower
11:35 Guard Tower
11:35 Guard Tower
11:47 Guard Tower
11:47 Guard Tower
11:52 Town Hall
11:59 Scout Tower
12:02 Scout Tower
12:05 Scout Tower
12:06 Scout Tower
12:31 Guard Tower
12:31 Guard Tower
12:34 Guard Tower
12:34 Guard Tower
12:54 Guard Tower
12:54 Guard Tower
12:58 Guard Tower
12:58 Guard Tower
14:08 Farm
14:22 Farm
17:08 Farm
17:11 Farm
17:15 Farm
24:10 Farm
27:30 Farm
» items
| Lesser Clarity Potion | 1 | |
| Mechanical Critter | 2 | |
| Potion of Healing | 3 | |
| Scroll of Town Portal | 1 | |
| Ivory Tower | 6 | |
| Orb of Fire | 2 | |
| Scroll of Regeneration | 2 | |
17 total

»
HOLYCRAPIMCOOL (
teal | 76 APM | 2862 actions | 37:34)
6 Warden
3 Shadow Strike
2 Blink
1 Spirit of Vengeance
» actions
| Assign group hotkey | 44 | |
| Basic commands | 109 | |
| Build / train | 96 | |
| ESC pressed | 6 | |
| Enter build submenu | 30 | |
| Enter hero's abilities submenu | 7 | |
| Remove unit from queue | 3 | |
| Right click | 919 | |
| Select / deselect | 697 | |
| Select group hotkey | 829 | |
| Use ability | 122 | |
2862 total
» units
| Wisp | 22 | |
| Glaive Thrower | 7 | |
| Hippogryph | 26 | |
| Druid of the Talon | 11 | |
66 total
» upgrades
| Druid of the Talon Training | 2 | |
| Well Spring | 1 | |
| Vorpal Blades | 1 | |
| Strength of the Wild | 3 | |
| Mark of the Talon | 1 | |
| Strength of the Moon | 2 | |
| Reinforced Hides | 1 | |
11 total
» buildings
| Altar of Elders | 1 | |
| Moon Well | 9 | |
| Hunter's Hall | 1 | |
| Ancient Protector | 4 | |
| Tree of Ages | 2 | |
| Ancient of War | 1 | |
| Tree of Eternity | 1 | |
| Ancient of Wind | 3 | |
| Ancient of Wonders | 1 | |
| Tree of Life | 4 | |
27 total
» build order
00:30 Altar of Elders
00:33 Moon Well
01:16 Hunter's Hall
01:59 Moon Well
02:02 Moon Well
02:21 Ancient Protector
02:33 Ancient Protector
03:32 Tree of Ages
03:32 Tree of Ages
03:37 Ancient of War
03:50 Moon Well
04:17 Ancient Protector
04:53 Ancient Protector
06:10 Tree of Eternity
06:28 Ancient of Wind
07:10 Ancient of Wind
07:26 Moon Well
09:41 Moon Well
10:42 Moon Well
11:15 Ancient of Wonders
17:55 Moon Well
20:32 Tree of Life
20:55 Ancient of Wind
21:01 Moon Well
23:19 Tree of Life
26:29 Tree of Life
26:37 Tree of Life
» items
| Scroll of Town Portal | 1 | |
| Potion of Healing | 2 | |
| Orb of Venom | 1 | |
4 total

»
SDFWESDER (
blue | 116 APM | 4382 actions | 37:45)
6 Death Knight
3 Death Coil
2 Unholy Aura
1 Animate Dead
4 Lich
2 Frost Nova
2 Frost Armor
4 Dreadlord
2 Sleep
2 Carrion Swarm
» actions
| Assign group hotkey | 262 | |
| Basic commands | 3 | |
| Build / train | 87 | |
| ESC pressed | 6 | |
| Enter build submenu | 18 | |
| Enter hero's abilities submenu | 16 | |
| Give item / drop item | 3 | |
| Right click | 2015 | |
| Select / deselect | 405 | |
| Select group hotkey | 1458 | |
| Use ability | 108 | |
4382 total
» units
| Acolyte | 13 | |
| Ghoul | 5 | |
| Frost Wyrm | 10 | |
28 total
» upgrades
| Creature Attack | 3 | |
| Creature Carapace | 2 | |
5 total
» buildings
| Graveyard | 1 | |
| Crypt | 1 | |
| Altar of Darkness | 1 | |
| Ziggurat | 7 | |
| Tomb of Relics | 1 | |
| Nerubian Tower | 3 | |
| Spirit Tower | 7 | |
| Halls of the Dead | 3 | |
| Black Citadel | 4 | |
| Sacrificial Pit | 1 | |
| Boneyard | 1 | |
| Necropolis | 1 | |
31 total
» build order
00:08 Graveyard
00:13 Crypt
00:42 Altar of Darkness
01:01 Ziggurat
01:39 Tomb of Relics
02:00 Ziggurat
02:03 Nerubian Tower
02:03 Nerubian Tower
02:04 Nerubian Tower
02:32 Ziggurat
02:56 Spirit Tower
03:23 Halls of the Dead
03:23 Halls of the Dead
03:36 Spirit Tower
03:55 Ziggurat
05:44 Black Citadel
06:01 Sacrificial Pit
06:40 Ziggurat
08:27 Boneyard
08:52 Spirit Tower
08:52 Spirit Tower
10:41 Necropolis
12:00 Spirit Tower
17:56 Halls of the Dead
20:55 Black Citadel
20:55 Black Citadel
22:50 Ziggurat
27:19 Ziggurat
» items
| Rod of Necromancy | 2 | |
| Scroll of Town Portal | 6 | |
| Orb of Corruption | 1 | |
| Potion of Healing | 1 | |
| Dust of Appearance | 1 | |
11 total
Chat log
(00:05 / Allies) beli: PROTO
(00:05 / Allies) beli: DAVE
(00:07 / Allies) beli: HARDCCORE
(00:19 / Allies) HOLYCRAPIMCOOL: was afk
(00:22 / Allies) HOLYCRAPIMCOOL: some1 was at door
(00:22 / Allies) beli: brb turning shit off
(00:26 / Allies) SDFWESDER: VENT
(01:13 / All) vS]GliTchCrAFt: gg other day
(01:15 / All) vS]GliTchCrAFt: holy
(01:18 / All) vS]GliTchCrAFt: we went round 2
(01:25 / All) HOLYCRAPIMCOOL: ?
(01:26 / All) vS]GliTchCrAFt: lost two flame_yz
(01:31 / Allies) beli: wtf?
(01:38 / All) vS]GliTchCrAFt: we played u in tourny
(01:45 / Allies) beli: ?
(01:47 / Allies) beli: i dont mh
(01:53 / All) vS]GliTchCrAFt: well me digo] and jinnnnnn.
(01:54 / Allies) beli: oh
(01:55 / Allies) beli: yes
(01:57 / All) SDFWESDER: digo hacks
(02:03 / Allies) beli: lol
(02:06 / All) vS]GliTchCrAFt: he just joined vSx.
(02:08 / Allies) beli: dave group work out?
(02:15 / All) SDFWESDER: tie hacked me last season like 4 times
(02:15 / Allies) beli: ...
(02:19 / All) vS]GliTchCrAFt: hes ahorrible hacker
(02:34 / All) vS]GliTchCrAFt: pathetic i watched replay after and hes pinging all our shit
(02:36 / Allies) beli: noobs
(02:50 / Allies) beli: go
(02:51 / Allies) beli: dave
(02:53 / Allies) beli: GO
(02:54 / Allies) beli: DAVE
(03:00 / All) vS]GliTchCrAFt: y...
(03:08 / All) vS]GliTchCrAFt: would u target an mk and waste entangle
(03:46 / Allies) beli: me go jerk my ass till it bleeds
(03:49 / Allies) beli: interested dave?
(03:56 / Allies) beli: JAMEL YOU OK ?
(03:58 / All) HOLYCRAPIMCOOL: was afk at start
(04:00 / All) HOLYCRAPIMCOOL: lol ne ne ud?
(04:06 / All) HOLYCRAPIMCOOL: lol u guyz
(04:14 / Allies) beli: ADAVE
(04:14 / Allies) beli: B
(04:15 / Allies) beli: B
(04:28 / Allies) beli: OMFG
(04:29 / Allies) beli: MASSS TOWERS
(04:30 / All) HOLYCRAPIMCOOL: hunts no waaaaay
(04:58 / Allies) beli: denie
(05:12 / Allies) beli: lol
(05:16 / All) vS]GliTchCrAFt: :./
(05:28 / Allies) beli: lol
(05:31 / Allies) beli: jamel your omp ok ?
(05:41 / Allies) beli: i feel guily ..
(05:50 / All) HOLYCRAPIMCOOL: hey red GET OFF ME
(05:51 / Allies) beli: so much love
(06:06 / Allies) beli: expo this
(06:20 / Allies) beli: he frost lol
(06:22 / Allies) beli: whats new
(06:28 / Allies) beli: k
(06:30 / Allies) beli: fag
(06:39 / Allies) beli: nice glaive
(06:40 / Allies) beli: retard
(06:41 / Allies) beli: lol
(06:56 / Allies) beli: DEAD
(06:59 / Allies) beli: GJ NOOOOOOB LOL
(07:00 / Allies) beli: LOL OWNED
(07:13 / Allies) beli: what
(07:35 / Allies) beli: they comin
(07:36 / Allies) beli: boys
(07:43 / Allies) beli: galives
(07:45 / Allies) beli: glaives
(07:56 / Allies) beli: g bb
(08:08 / Allies) beli: ...
(08:28 / Allies) beli: HEY DAVE
(08:30 / Allies) beli: GO EAT A DICK
(08:37 / Allies) beli: lol
(08:38 / Allies) beli: owned
(08:49 / Allies) beli: TOWERS NEGRO
(09:13 / Allies) beli: wtf
(09:17 / Allies) beli: why he tp
(09:56 / Allies) beli: here they come
(11:37 / Allies) beli: wood
(13:21 / Allies) beli: wood
(13:38 / Allies) beli: theyd rape us
(13:48 / Allies) beli: got alot
(13:58 / Allies) beli: cocks
(14:12 / Allies) beli: see
(14:13 / Allies) beli: alot
(14:19 / Allies) beli: mh man
(14:33 / All) SDFWESDER: thats cute
(15:05 / Allies) beli: holy fuck
(15:06 / Allies) beli: lol
(15:18 / Allies) beli: i brake 50 ?
(15:59 / Allies) beli: wow
(16:43 / All) vS]GliTchCrAFt: u got remarkable timing
(16:49 / All) HOLYCRAPIMCOOL: thats what she said
(16:49 / All) SDFWESDER: k?
(17:09 / All) SDFWESDER: Was this before or after u killed my fresh expo
(17:23 / Allies) beli: lol
(17:42 / All) vS]GliTchCrAFt: lol
(17:49 / All) SDFWESDER: dumb ne ne ud nerds
(18:19 / Allies) beli: go dave
(18:20 / Allies) beli: im tping
(18:21 / Allies) beli: go
(18:22 / Allies) beli: go
(18:34 / Allies) beli: auto mw
(21:03 / Allies) beli: b
(21:04 / Allies) beli: dave
(22:33 / Allies) beli: lol
(23:36 / All) SDFWESDER: nice timing
(23:41 / All) vS]GliTchCrAFt: ,,,
(23:45 / All) vS]GliTchCrAFt: ur joking right
(23:49 / All) SDFWESDER: shut up
(23:55 / All) vS]GliTchCrAFt: proto..
(23:57 / All) vS]GliTchCrAFt: is so cool
(23:59 / All) SDFWESDER: ne ne ud geek
(24:16 / Allies) beli: k
(24:38 / Allies) beli: lets go
(24:56 / All) vS]GliTchCrAFt: LMAO
(24:58 / All) vS]GliTchCrAFt: FAIL
(25:02 / All) SDFWESDER: lol nerd
(25:04 / All) HOLYCRAPIMCOOL: "fail" - u
(25:06 / All) HOLYCRAPIMCOOL: fag lol
(25:08 / All) vS]GliTchCrAFt: not me
(25:09 / All) vS]GliTchCrAFt: :)
(25:17 / All) HOLYCRAPIMCOOL: k u dont get it
(25:27 / Allies) beli: go nerds
(25:31 / Allies) beli: go
(25:33 / Allies) beli: get puro
(25:45 / Allies) beli: go yellow
(25:55 / Allies) beli: go
(26:12 / All) SDFWESDER: LOLOLOL
(26:14 / Allies) beli: dk down
(26:18 / All) HOLYCRAPIMCOOL: "fail"
(26:43 / Allies) beli: lol
(27:45 / Allies) beli: b
(27:45 / Allies) beli: lol
(28:26 / Allies) beli: jamel make
(28:49 / Allies) beli: OH SHIT
(28:50 / Allies) beli: B
(28:50 / Allies) beli: B
(28:50 / Allies) beli: B
(28:51 / Allies) beli: B
(28:51 / Allies) beli: B
(28:51 / Allies) beli: B
(28:58 / Allies) beli: im scared
(29:09 / Allies) beli: im 100 lol
(29:16 / Allies) beli: B
(29:16 / Allies) beli: B
(29:17 / Allies) beli: B
(29:17 / Allies) beli: B
(29:25 / All) SDFWESDER: LOLOLOL
(29:26 / Allies) beli: MAKE DAVE
(29:27 / Allies) beli: OMFG
(29:28 / Allies) beli: MAKE
(29:36 / Allies) beli: fight
(29:38 / Allies) beli: at a base
(29:38 / Allies) beli: b
(29:38 / Allies) beli: b
(29:39 / Allies) beli: b
(29:43 / Allies) beli: FIGHT AT A BASE
(29:44 / Allies) beli: OMFG
(29:46 / Allies) beli: IM SCARED
(30:01 / Allies) beli: PUMP DAVE
(30:06 / Allies) beli: FORE THE LOVE OF CHRIST
(30:15 / Allies) beli: we got my aura
(30:16 / Allies) beli: lol
(30:20 / Allies) beli: JAMEL
(30:21 / Allies) beli: GO
(30:22 / Allies) beli: AURA
(30:22 / Allies) beli: LOL
(30:24 / Allies) beli: its gg
(30:33 / Allies) beli: i meant
(30:34 / Allies) beli: go aura
(30:35 / Allies) beli: on dl
(30:45 / Allies) beli: ...
(30:52 / Allies) beli: ..
(30:56 / Allies) beli: WE WARCRAFT
(31:02 / Allies) beli: lol
(31:04 / Allies) beli: im scared
(31:14 / Allies) beli: MAKE DAVE
(31:17 / Allies) beli: MAKJE
(31:30 / Allies) beli: LETS GO
(31:43 / Allies) beli: they 1-0
(31:45 / Allies) beli: and 1-1
(31:46 / Allies) beli: me 3-3
(31:58 / All) vS]GliTchCrAFt: can we just have one fight
(31:58 / Allies) beli: PUMP ADAVE
(32:03 / All) vS]GliTchCrAFt: to end it
(32:05 / All) SDFWESDER: COME TO TEAL
(32:08 / All) vS]GliTchCrAFt: fuck that
(32:10 / Allies) beli: OMFG
(32:11 / Allies) beli: OMFG
(32:11 / All) SDFWESDER: fine
(32:12 / All) vS]GliTchCrAFt: we already came once
(32:12 / Allies) beli: OMFG
(32:15 / Allies) beli: DAVE
(32:16 / All) SDFWESDER: coem again ne ne ud pr0s
(32:17 / Allies) beli: COME UP
(32:17 / Allies) beli: LOL
(32:23 / All) vS]GliTchCrAFt: lol
(32:35 / Allies) beli: OMFG
(32:37 / Allies) beli: IM NEVROUS
(32:41 / Allies) beli: LETS GO
(32:43 / Allies) beli: FUCK IT
(32:54 / All) vS]GliTchCrAFt: cmon mass AIR BATTLE
(32:57 / Allies) beli: WARCRAFT
(33:03 / Allies) beli: I CAME 5 TIMES
(33:38 / All) HOLYCRAPIMCOOL: BELI WASNT IN THE FUYCKING FIGHT
(34:15 / Allies) HOLYCRAPIMCOOL: BELI AFK?
(34:18 / Allies) beli: no
(34:26 / All) vS]GliTchCrAFt: gg..
(34:27 / Allies) beli: i was lagging lol
(35:01 / Allies) beli: aura lol
(35:10 / Allies) beli: FUCK
(35:12 / Allies) beli: HACKERS
(35:21 / All) vS]GliTchCrAFt: u run when we come?
(35:21 / Allies) beli: its gg lol
(35:24 / Allies) beli: I WAS
(35:36 / Allies) beli: was caming
(35:37 / Allies) beli: lol
(35:52 / Allies) beli: lets go
(35:55 / Allies) beli: they got expos
(35:59 / Allies) beli: NUKE HEROS
(36:00 / Allies) beli: GOGOGOGO
(36:02 / Allies) beli: WARCRAFT
(36:15 / Allies) beli: nuke heroes
(36:22 / All) DeathPact: gg guys
(36:26 / All) SDFWESDER: stfu nerd
(36:28 / Allies) beli: we got a pretty good 3 team
(36:29 / Allies) beli: i like it
(36:33 / All) DeathPact: =/
(36:37 / Allies) beli: GO
(36:37 / Allies) beli: DAVE
(36:46 / Allies) beli: WARCRAFT
(37:31 / Allies) beli: fuck nerds
(37:44 / All) SDFWESDER: beli sucks ne ne ud nerd hackers up